 Dungeon Crawl Stone Soup version 0.22.0-40-g68aacdc (webtiles) character file.

185934 shadizar the Peltast (level 17, -52/158 HPs)
             Began as a Minotaur Fighter on Sept 2, 2018.
             Was the Champion of Okawaru.
             Killed from afar by Jory (76 damage)
             ... with a crystal spear
             ... on level 3 of the Depths.
             The game lasted 01:19:34 (25476 turns).

shadizar the Peltast (Minotaur Fighter)            Turns: 25476, Time: 01:19:35

Health: -52/158    AC: 41    Str: 27    XL:     17   Next: 82%
Magic:  17/21      EV: 16    Int:  5    God:    Okawaru [******]
Gold:   2712       SH: 19    Dex: 14    Spells: 16/16 levels left

rFire    . . .     SeeInvis +   D - +3 broad axe (drain)
rCold    . . .     Gourm    .   r - +2 shield {reflect}
rNeg     + . .     Faith    .   k - +0 crystal plate armour
rPois    .         Spirit   .   y - +2 hat {SInv}
rElec    .         Reflect  +   Y - +2 cloak
rCorr    +         Harm     .   S - +2 pair of gloves {Dex+3}
MR       +....                  E - +2 pair of boots
Stlth    ..........             H - amulet of regeneration
HPRegen  0.76/turn              v - ring of resist corrosion
MPRegen  0.17/turn              Q - ring of positive energy

@: heroism, finesse, studying Long Blades
A: retaliatory headbutt, horns 2, see invisible
a: Heroism, Finesse, Renounce Religion


You were on level 3 of the Depths.
You worshipped Okawaru.
Okawaru was exalted by your worship.
You were not hungry.

You visited 5 branches of the dungeon, and saw 27 of its levels.
You also visited: Labyrinth and Ice Cave.

You collected 2802 gold pieces.
You spent 90 gold pieces at shops.

Inventory:

Hand Weapons
 l - the +9 glaive "Unaq" {freeze, rPois rC+ rN+ Str-3, unknown}
   (You found it on level 2 of the Depths)

   It has been specially enchanted to freeze those struck by it, causing extra
   injury to most foes and up to half again as much damage against particularly
   susceptible opponents.
   It can also slow down cold-blooded creatures.
   It affects your strength (-3).
   It protects you from cold.
   It protects you from poison.
   It protects you from negative energy.
 A - the +3 long sword of the Wasp {antimagic, rF+ Stlth+}
   (You found it on level 9 of the Dungeon)

   It reduces the magical energy of the wielder, and disrupts the spells and
   magical abilities of those hit.
   Natural abilities and divine invocations are not affected.
   It protects you from fire.
   It makes you more stealthy.
 D - a +3 broad axe of draining (weapon)
 P - the +8 battleaxe of Fohid {chop, +Rage MR+ SInv}
   (Okawaru gifted it to you on level 11 of the Dungeon)

   It inflicts extra damage upon your enemies.
   It affects your resistance to hostile enchantments.
   It lets you see invisible.
   It lets you go berserk.
 U - the +8 dagger of Suts {holy, rPois Str+7 Dex+3}
   (You took it off a minotaur in a labyrinth)

   It has been blessed by the Shining One to cause great damage to the undead
   and demons.
   It affects your strength (+7).
   It affects your dexterity (+3).
   It protects you from poison.
Armour
 e - a scarf of repulsion
 k - a +0 crystal plate armour (worn)
 r - a +2 shield of reflection (worn)
 y - a +2 hat of see invisible (worn)
 E - a +2 pair of boots (worn)
 J - a +2 chain mail of fire resistance
 S - a +2 pair of gloves of dexterity (worn)
 Y - a +2 cloak (worn)
Jewellery
 n - a +4 ring of dexterity
 v - a ring of resist corrosion (left hand)
 H - an amulet of regeneration (around neck)
 N - an uncursed ring of protection from cold
 Q - a ring of positive energy (right hand)
 T - the ring of Hiopluas {rCorr *Corrode Dex+2 Stlth+}
   (You found it on level 2 of the Lair of Beasts)

   [ring of resist corrosion]

   It affects your dexterity (+2).
   It may corrode you when you take damage.
   It makes you more stealthy.
 V - the ring "Daasmuts" {rF- Dex+9 SInv}
   (You found it in a labyrinth)

   [ring of see invisible]

   It affects your dexterity (+9).
   It makes you vulnerable to fire.
   It lets you see invisible.
Wands
 C - a wand of iceblast (15)
 K - a wand of disintegration (13)
 R - a wand of digging (21)
Scrolls
 b - 7 scrolls of identify
 g - 4 scrolls of magic mapping
 j - 7 scrolls of remove curse
 m - 6 scrolls of teleportation
 q - 3 scrolls of fog
 t - 4 scrolls of blinking
 I - a scroll of fear
Potions
 d - 4 potions of might
 i - a potion of berserk rage
 o - 5 potions of invisibility
 p - 7 potions of curing
 s - 6 potions of haste
 u - a potion of cancellation
 w - 4 potions of ambrosia
 x - 2 potions of flight
 z - 2 potions of agility
 B - a potion of heal wounds
 F - a potion of resistance
Books
 a - a manual of Long Blades
Miscellaneous
 c - a sack of spiders
Comestibles
 f - 38 rations
 h - 5 chunks of flesh


   Skills:
 + Level 16.0(21.0) Fighting
 - Level 6.4(15.5) Short Blades
 + Level 13.9(19.4) Long Blades
 + Level 14.5(19.6) Axes
   Level 3.5(15.3) Maces & Flails
 + Level 15.9(20.9) Armour
 + Level 14.4(19.4) Dodging
 + Level 16.0(21.0) Shields
 - Level 7.6 Invocations
 - Level 5.2 Evocations


You had 16 spell levels left.
You didn't know any spells.
Your spell library contained the following spells:

 Spells                   Type           Power        Failure   Level  Hunger
 Animate Skeleton         Necr           N/A          99%         1    ##.....
 Beastly Appendage        Tmut           #.....       99%         1    ##.....
 Corona                   Hex            #......      99%         1    ##.....
 Infusion                 Chrm           #...         99%         1    ##.....
 Magic Dart               Conj           #...         99%         1    ##.....
 Pain                     Necr           #...         99%         1    ##.....
 Shock                    Conj/Air       #...         99%         1    ##.....
 Summon Small Mammal      Summ           #...         99%         1    ##.....
 Call Imp                 Summ           #.......     100%        2    ###....
 Ensorcelled Hibernation  Hex/Ice        #.....       100%        2    ###....
 Passwall                 Tmut/Erth      #.......     100%        2    ###....
 Searing Ray              Conj           #.....       100%        2    ###....
 Shroud of Golubria       Chrm/Tloc      #.........   100%        2    ###....
 Slow                     Hex            #.......     100%        2    ###....
 Song of Slaying          Chrm           #.......     100%        2    ###....
 Sticks to Snakes         Tmut           #.......     100%        2    ###....
 Swiftness                Chrm/Air       #.......     100%        2    ###....
 Call Canine Familiar     Summ           #.......     100%        3    ####...
 Confuse                  Hex            #.......     100%        3    ####...
 Dazzling Spray           Conj/Hex       #.....       100%        3    ####...
 Inner Flame              Hex/Fire       #.......     100%        3    ####...
 Portal Projectile        Hex/Tloc       #.....       100%        3    ####...
 Regeneration             Chrm/Necr      #.........   100%        3    ####...
 Spectral Weapon          Hex/Chrm       #.......     100%        3    ####...
 Spider Form              Tmut/Pois      #.........   100%        3    ####...
 Static Discharge         Conj/Air       #.......     100%        3    ####...
 Stone Arrow              Conj/Erth      #.....       100%        3    ####...
 Summon Guardian Golem    Hex/Summ       #.......     100%        3    ####...
 Tukima's Dance           Hex            #.......     100%        3    ####...
 Vampiric Draining        Necr           #.........   100%        3    ####...
 Airstrike                Air            #.........   100%        4    #####..
 Animate Dead             Necr           N/A          100%        4    #####..
 Cause Fear               Hex            #.........   100%        4    #####..
 Force Lance              Conj/Tloc      #.......     100%        4    #####..
 Fulminant Prism          Conj/Hex       #.........   100%        4    #####..
 Ice Form                 Ice/Tmut       #.......     100%        4    #####..
 Iskenderun's Mystic Bla  Conj           #.......     100%        4    #####..
 Leda's Liquefaction      Hex/Erth       #.........   100%        4    #####..
 Summon Ice Beast         Ice/Summ       #.......     100%        4    #####..
 Summon Lightning Spire   Summ/Air       #.......     100%        4    #####..
 Blade Hands              Tmut           #.........   100%        5    ######.
 Lightning Bolt           Conj/Air       #.........   100%        5    ######.
 Silence                  Hex/Air        #.........   100%        5    ######.
 Summon Mana Viper        Hex/Summ       #.......     100%        5    ######.
 Yara's Violent Unravell  Hex/Tmut       #.........   100%        5    ######.
 Bolt of Fire             Conj/Fire      #.........   100%        6    #######
 Deflect Missiles         Chrm/Air       #.........   100%        6    #######
 Malign Gateway           Summ/Tloc      #.........   100%        7    #######
 Monstrous Menagerie      Summ           #.........   100%        7    #######
 Summon Greater Demon     Summ           #.........   100%        7    #######
 Discord                  Hex            #.........   100%        8    #######
 Summon Horrible Things   Summ           #.........   100%        8    #######


Dungeon Overview and Level Annotations

Branches:
Dungeon (15/15)            Temple (1/1) D:4            Lair (6/6) D:10
 Shoals (0/4) Lair:3       Spider (0/4) Lair:4        Slime (0/5) Lair:6
    Orc (2/2) D:9             Elf (0/3) Orc:2        Vaults (0/5) D:13
 Depths (3/5) D:15

Altars:
Ashenzari
Cheibriados
Dithmenos
Elyvilon
Fedhas
Gozag
Hepliaklqana
Kikubaaqudgha
Makhleb
Nemelex Xobeh
Okawaru
Qazlal
Ru
Sif Muna
Trog
Uskayaw
Vehumet
Wu Jian
Xom
Yredelemnul
Zin
The Shining One
Beogh
Jiyva

Shops:
D:6 }   D:15 (   Orc:2 }!!   Depths:1 (?   Depths:2 *

Portals:
Hell: Lair:6 Depths:1 Depths:2
Abyss: Depths:1
Pandemonium: Depths:2 Depths:3
Ziggurat: Depths:3

Annotations:
D:7 3 runed doors, CaptainBugsquash's ghost, novice OpFi; Inarius's ghost, novice DsGl
D:9 3 runed doors, Kay's ghost, novice HOMo
Depths:2 3 runed doors, hairmachine's ghost, adept OgWz
Depths:3 Jory


Innate Abilities, Weirdness & Mutations

You reflexively headbutt those who attack you in melee.
You have a pair of horns on your head.
You have supernaturally acute eyesight. (SInv)


Message History

You slash Jory!
Jory is severely damaged.
You break out of your daze.
Jory is infused with unholy energy.
* * * LOW HITPOINT WARNING * * *
Jory draws life force from you and is healed!
You slash Jory! Your headbutt misses Jory.
Jory is severely damaged.
You feel much better.
Jory sheds a single tear.
Jory is infused with unholy energy.
* * * LOW HITPOINT WARNING * * *
Jory draws life force from you and is healed!
You hit Jory but do no damage. Your headbutt misses Jory.
Jory is severely damaged.
You completely miss Jory.
Jory is severely damaged.
Jory points at you and mumbles some strange words.
The crystal spear hits you!
You die...

#.......(........# #..#
#................# #..# #
#................# #..# .#
#................# #..####.#
#.....(..........####.......#.
........)........†......†....#
######.(#####....†......†.∩..#
#..# #...#####.#####.## #<)#
#@..# #.# # #..# #V..# #.#
#..#####...# #.#
######..(.......#####.#
.......[..............#
......................#
######..#######.#####.# #..#
#.# #..# #.#


You could see Jory.

Vanquished Creatures
  A juggernaut (Depths:2)
  A lich (Depths:2)
  Asterion (Depths:2)
  Gastronok (Lair:1)
  A storm dragon (Depths:2)
  2 tengu reavers (Depths:2)
  2 fire giants
  8 frost giants
  An iron dragon (Depths:2)
  9 very ugly things
  A stone giant (Depths:1)
  2 minotaurs
  A dire elephant (D:15)
  A spark wasp (Depths:1)
  3 ettins
  Josephine (D:12)
  6 ogre magi
  8 hydras
  The ghost of Renif the Bludgeoner, a journeyman MiFi of Okawaru (Lair:3)
  2 great orbs of eyes
  A yaktaur captain (Depths:2)
  2 fire dragons
  3 ice dragons
  2 rakshasas
  Erolcha (Orc:2)
  2 spriggan air magi (Depths:2)
  5 centaur warriors
  A catoblepas (D:13)
  18 two-headed ogres
  Erica (Lair:1)
  2 death knights
  3 tengu warriors
  2 deep troll shamans (Depths:1)
  4 deep troll earth magi
  5 death yaks
  Urug (Orc:2)
  5 hell knights (Depths:2)
  A sun demon (Lair:6)
  Nergalle (Orc:2)
  Sonja (Lair:1)
  5 skeletal warriors
  3 unseen horrors
  A flayed ghost (Depths:2)
  A glowing orange brain (Depths:2)
  A wizard (Lair:6)
  6 deep trolls
  A deep elf archer (D:13)
  A shadow dragon zombie (Depths:2)
  An orc knight (Orc:2)
  3 harpies (D:13)
  A phantasmal warrior (D:15)
  Pikel (D:6)
  6 necromancers
  10 orc sorcerers (Orc:2)
  7 deep elf magi
  A frost giant zombie (Depths:1)
  16 ugly things
  A stone giant zombie (Depths:1)
  A manticore (D:15)
  A fire giant skeleton (Depths:1)
  3 cyclopes
  A salamander (D:15)
  2 stone giant skeletons
  A smoke demon (Lair:6)
  3 centaur zombies
  A black mamba (shapeshifter) (Depths:1)
  4 black mambas
  An eye of devastation (shapeshifter) (D:15)
  13 spiny frogs
  2 orange demons (Lair:6)
  An ice statue (IceCv)
  4 gargoyles
  3 yaktaurs
  3 kobold demonologists
  6 rime drakes
  13 komodo dragons
  3 ice devils (Lair:6)
  2 freezing wraiths (D:15)
  A red devil (Lair:6)
  A jumping spider (shapeshifter) (D:15)
  16 polar bears
  2 jumping spiders (Lair:4)
  A queen bee (D:8)
  A harpy zombie (D:14)
  9 trolls
  22 blink frogs
  6 dream sheep (Lair:6)
  An ettin zombie (Depths:1)
  A fire dragon zombie (Depths:1)
  4 slime creatures (Depths:2)
  12 hippogriffs
  A spriggan zombie (Depths:2)
  A meliai zombie (D:15)
  2 water elementals (Depths:1)
  2 redbacks (Lab)
  2 shadows
  11 wraiths
  55 yaks
  2 wyverns
  A fire bat (shapeshifter) (D:13)
  5 basilisks
  3 hungry ghosts
  6 vampire mosquitoes
  Menkaure (D:5)
  4 wargs
  An acid dragon (D:13)
  Edmund (D:6)
  Duvessa (D:6)
  11 water moccasins
  A human skeleton (Depths:1)
  4 hell hounds (Lair:6)
  5 porcupines
  24 orc warriors
  6 sky beasts
  A slave (D:6)
  4 phantoms
  3 black bears
  A necrophage (D:6)
  A hornet zombie (D:14)
  2 boggarts (Depths:1)
  25 ogres
  An ogre (shapeshifter) (Depths:1)
  20 centaurs
  30 wolves
  3 big kobolds
  10 crocodiles
  20 bullfrogs
  A glowing shapeshifter simulacrum (Depths:2)
  Dowan (D:6)
  A wyvern zombie (D:14)
  5 scorpions
  2 wyvern skeletons (D:13)
  8 wights
  19 killer bees
  An electric eel (Lair:3)
  4 bullfrog zombies
  5 crimson imps
  20 orc priests
  9 hounds
  4 bullfrog skeletons
  6 jellies
  42 orc wizards
  7 centaur skeletons
  6 iguanas
  Jessica (D:4)
  10 worker ants
  A killer bee zombie (D:7)
  2 worker ant zombies
  A howler monkey zombie (D:6)
  12 adders
  3 shadow imps
  An adder zombie (D:9)
  2 adder skeletons
  2 worms
  5 leopard geckos
  115 orcs
  10 giant cockroaches
  4 goblins
  4 hobgoblins
  9 jackals
  31 kobolds
  3 quokkas
  A ball python (D:6)
  6 bats
  4 frilled lizards
  A giant cockroach zombie (D:6)
  A leopard gecko skeleton (D:4)
  2 quokka skeletons
  6 rats
  5 fungi
  A plant (Lair:4)
  A withered plant (D:13)
981 creatures vanquished.

Vanquished Creatures (others)
  A spark wasp (Depths:1)
  A centaur warrior (D:13)
  A manticore (D:15)
  An orb spider (shapeshifter) (Depths:1)
  A yaktaur (Depths:2)
  A polar bear (IceCv)
  2 yaks (IceCv)
  A basilisk (D:13)
  A vampire mosquito (D:13)
  2 boggarts (Depths:1)
  2 wolves (IceCv)
  A centaur (D:15)
  A crocodile (Lair:1)
  A wight (D:13)
  An adder (D:6)
  A quokka (D:6)
  16 fungi
  7 plants
  3 withered plants (D:7)
45 creatures vanquished.

Grand Total: 1026 creatures vanquished

Notes
Turn   | Place    | Note
-------+----------+-------------------------------------------
     0 | D:1      | shadizar the Minotaur Fighter began the quest for the Orb.
     0 | D:1      | Reached XP level 1. HP: 19/19 MP: 0/0
   207 | D:1      | Reached XP level 2. HP: 27/27 MP: 1/1
   347 | D:1      | Reached skill level 1 in Dodging
   615 | D:2      | Reached XP level 3. HP: 33/33 MP: 2/2
   636 | D:2      | Found a snail-covered altar of Cheibriados.
   675 | D:2      | Found a transporter.
   693 | D:2      | Found an ancient bone altar of Kikubaaqudgha.
   694 | D:2      | Found an opulent altar of Gozag.
   695 | D:2      | Found a basalt altar of Yredelemnul.
   698 | D:2      | Found a transporter.
   784 | D:2      | Found a sacrificial altar of Ru.
  1251 | D:2      | Found a glowing silver altar of Zin.
  1378 | D:3      | Reached XP level 4. HP: 40/40 MP: 3/3
  1465 | D:3      | Found a bloodstained altar of Trog.
  1918 | D:4      | Reached XP level 5. HP: 47/47 MP: 4/4
  1993 | D:4      | Reached XP level 6. HP: 28/55 MP: 5/5
  2155 | D:4      | Found a sparkling altar of Nemelex Xobeh.
  2155 | D:4      | Noticed Jessica
  2158 | D:4      | Killed Jessica
  2232 | D:4      | Found a stormy altar of Qazlal.
  2250 | D:4      | Reached skill level 5 in Fighting
  2250 | D:4      | Reached skill level 5 in Armour
  2368 | D:4      | Reached skill level 5 in Shields
  2845 | D:4      | Found a staircase to the Ecumenical Temple.
  2854 | Temple   | Entered the Ecumenical Temple
  2861 | Temple   | Became a worshipper of Warmaster Okawaru
  3002 | D:5      | Entered Level 5 of the Dungeon
  3106 | D:5      | Noticed Menkaure
  3111 | D:5      | Killed Menkaure
  3111 | D:5      | Reached XP level 7. HP: 50/61 MP: 6/6
  3289 | D:5      | Reached skill level 5 in Axes
  3481 | D:5      | Found a bloodstained altar of Trog.
  3616 | D:5      | Found a shimmering altar of Xom.
  3623 | D:5      | Reached * piety under Okawaru
  3730 | D:6      | Found Ekuep's Gadget Emporium.
  3780 | D:6      | Reached skill level 1 in Invocations
  3811 | D:6      | Found a white marble altar of Elyvilon.
  3838 | D:6      | Reached XP level 8. HP: 52/70 MP: 6/8
  4037 | D:6      | Noticed Pikel
  4046 | D:6      | Killed Pikel
  4046 | D:6      | Reached ** piety under Okawaru
  4046 | D:6      | Reached skill level 5 in Dodging
  4075 | D:6      | Noticed a troll
  4087 | D:6      | Reached *** piety under Okawaru
  4098 | D:6      | Killed a troll
  4098 | D:6      | Reached XP level 9. HP: 50/79 MP: 10/10
  4302 | D:6      | Noticed Edmund
  4310 | D:6      | Killed Edmund
  4380 | D:6      | Noticed Duvessa
  4380 | D:6      | Noticed Dowan
  4388 | D:6      | Killed Duvessa
  4394 | D:6      | Killed Dowan
  5204 | D:7      | Reached **** piety under Okawaru
  5228 | D:7      | Reached XP level 10. HP: 50/88 MP: 9/12
  5276 | D:7      | Found a runed gate.
  5276 | D:7      | Found a runed gate.
  5276 | D:7      | Found a runed gate.
  5277 | D:7      | Noticed CaptainBugsquash's ghost (novice OpFi)
  5277 | D:7      | Noticed CaptainBugsquash's ghost (novice OpFi)
  5281 | D:7      | Noticed Inarius's ghost (novice DsGl)
  5293 | D:7      | Noticed a green ugly thing
  5308 | D:7      | Killed a green ugly thing
  5539 | D:7      | Found a hide-covered altar of Uskayaw.
  5681 | D:7      | Found an ornate altar of the Wu Jian Council.
  6035 | D:8      | Reached skill level 5 in Invocations
  6248 | D:8      | Reached ***** piety under Okawaru
  6257 | D:8      | Found the +5 scythe "Finisher" {speed, Str+3}
  6518 | D:8      | Received a gift from Okawaru
  7004 | D:9      | Found a runed gate.
  7004 | D:9      | Found a runed gate.
  7006 | D:9      | Found a runed gate.
  7009 | D:9      | Noticed Kay's ghost (novice HOMo)
  7255 | D:9      | Reached XP level 11. HP: 69/97 MP: 7/14
  7710 | D:9      | Got a transparent long sword
  8025 | D:9      | Found a staircase to the Orcish Mines.
  8120 | D:10     | Entered Level 10 of the Dungeon
  8214 | D:10     | Found a staircase to the Lair.
  8550 | Lair:1   | Entered Level 1 of the Lair of Beasts
  8585 | Lair:1   | Received a gift from Okawaru
  8594 | Lair:1   | Reached skill level 10 in Fighting
  8611 | Lair:1   | Got a warped trident
  8656 | Lair:1   | Noticed Sonja
  8662 | Lair:1   | Killed Sonja
  8662 | Lair:1   | Reached skill level 10 in Armour
  8662 | Lair:1   | Reached skill level 10 in Shields
  8883 | Lair:1   | Noticed Erica
  8893 | Lair:1   | Killed Erica
  9174 | Lair:1   | Noticed Gastronok
  9193 | Lair:1   | Killed Gastronok
  9193 | Lair:1   | Received a gift from Okawaru
  9193 | Lair:1   | Reached skill level 10 in Axes
  9519 | Lair:2   | You fall through a shaft!
  9540 | Lair:3   | Found a staircase to the Shoals.
  9546 | Lair:3   | Found a runed gate.
  9546 | Lair:3   | Found a runed gate.
  9548 | Lair:3   | Found a runed gate.
  9555 | Lair:3   | Reached XP level 12. HP: 102/107 MP: 16/16
  9560 | Lair:3   | Noticed a minotaur
  9561 | Lair:3   | Noticed Renif's ghost (journeyman MiFi)
  9596 | Lair:3   | Killed Renif's ghost
  9606 | Lair:3   | Killed a minotaur
  9686 | Lair:3   | Found a labyrinth entrance.
  9695 | Lab      | Entered a labyrinth
 10360 | Lab      | Noticed a minotaur
 10376 | Lab      | Killed a minotaur
 10379 | Lab      | Got an uncursed scorched dagger {holy}
 10385 | Lab      | Got a fine granite ring
 10393 | Lab      | Identified the Disquisition on the Oath
 10606 | Lair:3   | Identified the ring "Daasmuts" {rF- Dex+9 SInv} (You found it in a labyrinth)
 10613 | Lair:3   | Identified the cursed +3 long sword of the Wasp {antimagic, rF+ Stlth+} (You found it on level 9 of the Dungeon)
 10618 | Lair:3   | Identified the +8 dagger of Suts {holy, rPois Str+7 Dex+3} (You took it off a minotaur in a labyrinth)
 10619 | Lair:3   | Identified the +1 trident "Orchor" {protect, +Fly Str+2 Int+2 Stlth+} (You found it on level 1 of the Lair of Beasts)
 10721 | Lair:3   | Reached skill level 1 in Short Blades
 10735 | Lair:3   | Reached skill level 1 in Evocations
 11544 | Lair:4   | Noticed a death yak
 11545 | Lair:4   | Noticed a death yak
 11546 | Lair:4   | Noticed a death yak
 11556 | Lair:4   | Killed a death yak
 11556 | Lair:4   | Received a gift from Okawaru
 11563 | Lair:4   | Killed a death yak
 11566 | Lair:4   | Killed a death yak
 11611 | Lair:4   | Reached skill level 10 in Dodging
 11655 | Lair:4   | Reached XP level 13. HP: 31/116 MP: 17/17
 12100 | Lair:4   | Found a hole to the Spider Nest.
 12481 | Lair:5   | Received a gift from Okawaru
 13219 | Lair:6   | Entered Level 6 of the Lair of Beasts
 13526 | Lair:6   | Reached skill level 5 in Short Blades
 13937 | Lair:6   | Received a gift from Okawaru
 14397 | Lair:6   | Identified the Collected Works on Dusty Conjuration
 14603 | Lair:6   | Found a burning altar of Makhleb.
 14621 | Lair:6   | Reached skill level 5 in Evocations
 14630 | Lair:6   | Reached XP level 14. HP: 100/127 MP: 18/18
 14647 | Lair:6   | Found a gateway to Hell.
 14731 | Lair:6   | Found a viscous altar of Jiyva.
 14731 | Lair:6   | Found a staircase to the Slime Pits.
 15368 | Lair:2   | Got a twitching silver ring
 16076 | Orc:1    | Entered Level 1 of the Orcish Mines
 16098 | Orc:1    | Identified the ring of Hiopluas {rCorr *Corrode Dex+2 Stlth+} (You found it on level 2 of the Lair of Beasts)
 16392 | Orc:2    | Entered Level 2 of the Orcish Mines
 16511 | Orc:2    | Reached skill level 1 in Maces & Flails
 16525 | Orc:2    | Found a staircase to the Elven Halls.
 16567 | Orc:2    | Reached skill level 1 in Long Blades
 16764 | Orc:2    | Noticed Urug
 16793 | Orc:2    | Killed Urug
 17073 | Orc:2    | Gained mutation: You have supernaturally acute eyesight. (SInv) [a neqoxec]
 17131 | Orc:2    | Found Tuyly's Gadget Boutique.
 17136 | Orc:2    | Noticed Nergalle
 17149 | Orc:2    | Killed Nergalle
 17155 | Orc:2    | Found an ancient bone altar of Kikubaaqudgha.
 17233 | Orc:2    | Noticed Erolcha
 17283 | Orc:2    | Killed Erolcha
 17288 | Orc:2    | Found a radiant altar of Vehumet.
 17349 | Orc:2    | Found a roughly hewn altar of Beogh.
 17349 | Orc:2    | Found Efisogol's Distillery.
 17367 | Orc:2    | Found Ublikirr's Distillery.
 17376 | Orc:2    | Found Hoamoez's Antique Armour Shop.
 17887 | D:11     | Received a gift from Okawaru
 17893 | D:11     | Got a crystal battleaxe {god gift}
 18674 | D:11     | Identified the +8 battleaxe of Fohid {chop, +Rage MR+ SInv} (Okawaru gifted it to you on level 11 of the Dungeon)
 18865 | D:12     | Noticed Josephine
 18880 | D:12     | Killed Josephine
 19434 | D:13     | Received a gift from Okawaru
 19474 | D:13     | Found a gate to the Vaults.
 19535 | D:13     | Reached XP level 15. HP: 136/136 MP: 19/19
 19574 | D:13     | Reached skill level 5 in Long Blades
 20267 | D:14     | Found a frozen archway.
 20357 | IceCv    | Entered an ice cave
 20601 | IceCv    | Received a gift from Okawaru
 20888 | IceCv    | Noticed a frost giant
 20899 | IceCv    | Killed a frost giant
 21016 | D:14     | Identified a scroll of acquirement
 21581 | D:15     | Entered Level 15 of the Dungeon
 21616 | D:15     | Received a gift from Okawaru
 21876 | D:15     | Found Afaezumo's Antique Weapon Emporium.
 21933 | D:15     | Received a gift from Okawaru
 22269 | D:15     | Reached XP level 16. HP: 144/147 MP: 18/20
 22613 | D:15     | Found a staircase to the Depths.
 22842 | Depths:1 | Entered Level 1 of the Depths
 22842 | Depths:1 | Found a one-way gate to the infinite horrors of the Abyss.
 22846 | Depths:1 | Received a gift from Okawaru
 22863 | Depths:1 | Reached ****** piety under Okawaru
 22877 | Depths:1 | Received a gift from Okawaru
 22909 | Depths:1 | Reached skill level 10 in Long Blades
 23162 | Depths:1 | Found Wikh's Magic Scroll Shop.
 23192 | Depths:1 | Bought a scroll of enchant armour for 90 gold pieces
 23293 | Depths:1 | Found Onuuloil's Antique Weapon Boutique.
 23474 | Depths:1 | Reached skill level 15 in Shields
 23745 | Depths:2 | Found a one-way gate leading to the halls of Pandemonium.
 23768 | Depths:2 | Reached skill level 15 in Fighting
 23768 | Depths:2 | Reached skill level 15 in Armour
 23845 | Depths:2 | Received a gift from Okawaru
 24030 | Depths:2 | Noticed a juggernaut
 24050 | Depths:2 | Received a gift from Okawaru
 24056 | Depths:2 | Killed a juggernaut
 24056 | Depths:2 | Reached XP level 17. HP: 48/156 MP: 15/21
 24238 | Depths:2 | Noticed Asterion
 24240 | Depths:2 | Received a gift from Okawaru
 24285 | Depths:2 | Killed Asterion
 24346 | Depths:2 | Received a gift from Okawaru
 24566 | Depths:2 | Found a runed gate.
 24567 | Depths:2 | Found a runed gate.
 24568 | Depths:2 | Found a runed gate.
 24573 | Depths:2 | Noticed an ancient lich
 24573 | Depths:2 | Noticed hairmachine's ghost (adept OgWz)
 24620 | Depths:2 | Got an ancient glaive
 24672 | Depths:2 | Found Sejo's General Store.
 24736 | Depths:2 | Noticed a lich
 24745 | Depths:2 | Killed a lich
 24964 | Depths:2 | Received a gift from Okawaru
 25404 | Depths:3 | Found a gateway to a ziggurat.
 25443 | Depths:3 | Noticed Jory
 25476 | Depths:3 | Killed from afar by Jory

Skill      XL: |  1  2  3  4  5  6  7  8  9 10 11 12 13 14 15 16 17 |
---------------+----------------------------------------------------+-----
Dodging        | 1 2 3 4 5 6 7 8 10 11 12 13 14 | 14.4
Fighting       | 4 5 6 7 8 9 10 11 12 13 14 15 16 | 16.0
Armour         | 4 5 6 7 8 9 10 11 12 13 14 15 | 15.9
Shields        | 4 5 6 7 8 9 10 11 12 13 14 15 16 | 16.0
Axes           | 3 4 5 6 7 8 10 11 12 13 14 | 14.5
Invocations    | 1 3 4 5 7 |  7.6
Short Blades   | 3 6 |  6.4
Evocations     | 2 5 |  5.2
Maces & Flails | 3 |  3.5
Long Blades    | 4 9 12 13 | 13.9

Action                   |  1- 3 |  4- 6 |  7- 9 | 10-12 | 13-15 | 16-18 || total
-------------------------+-------+-------+-------+-------+-------+-------++-------
Melee: War axe           |    93 |   116 |   283 |   658 |   438 |       ||  1588
       Headbutt          |    10 |    17 |    73 |   189 |   453 |   198 ||   940
       Dagger            |       |       |       |    57 |   392 |       ||   449
       Broad axe         |       |       |       |       |   613 |   594 ||  1207
Invok: Heroism           |       |       |    10 |    28 |    49 |    15 ||   102
       Finesse           |       |       |       |     4 |     8 |     6 ||    18
  Use: Scroll            |       |       |       |    27 |    15 |     4 ||    46
       Potion            |       |       |       |     1 |     1 |     5 ||     7
 Stab: Petrified         |       |       |       |       |     7 |       ||     7
       Distracted        |       |       |       |       |       |     1 ||     1
  Eat: Chunk             |       |     6 |    11 |    14 |    33 |    11 ||    75
       Ration            |       |       |       |     2 |     1 |       ||     3
Armor: Scale mail        |    54 |    33 |       |       |       |       ||    87
       Chain mail        |       |    16 |    91 |   156 |   424 |    25 ||   712
       Crystal plate arm |       |       |       |       |       |   171 ||   171
Dodge: Dodged            |    42 |    45 |    86 |   245 |   725 |   201 ||  1344
Block: Shield            |    54 |    67 |   180 |   415 |  1065 |   376 ||  2157
       Reflection        |       |       |       |       |    25 |    19 ||    44
